 Dungeon Crawl Stone Soup version 0.30.0-10-gfe55d96785 (webtiles) character file.

Game seed: 4179916482852525739

352 gareppa the Chopper (level 6, -4/38 HPs)
             Began as a Gargoyle Fighter on May 14, 2023.
             Slain by a gnoll
             ... wielding a +0 halberd
             ... led by a gnoll bouda
              (11 damage)
             ... on level 5 of the Dungeon.
             The game lasted 00:03:52 (2591 turns).

gareppa the Chopper (Gargoyle Fighter)              Turns: 2591, Time: 00:03:55

Health: -4/38      AC: 16    Str: 20 (22) XL:     6   Next: 61%
Magic:  6/6        EV:  4    Int:  7 (8)  God:
Gold:   133        SH:  7    Dex:  7 (9)  Spells: 5/5 levels left

rFire   . . .        a - +1 war axe
rCold   . . .        l - +0 kite shield
rNeg    + . .        i - +0 plate armour
rPois   ∞            (no helmet)
rElec   +            (no cloak)
rCorr   .            (no gloves)
SInv    +            (no boots)
Will    .....        (no amulet) Stlth
                     n - ring of see invisible
HPRegen 0.26/turn    (no ring)
MPRegen 0.10/turn

%: no passive effects
@: mighty, brilliant
A: sickness immunity, AC +4, negative energy resistance 1, electricity
resistance, torment resistance 1, petrification resistance
a: no special abilities


You were on level 5 of the Dungeon.
You visited 1 branch of the dungeon, and saw 4 of its levels.

You collected 133 gold pieces.

Inventory:

Hand Weapons
 a - a +1 war axe (weapon)
 j - a +0 whip
Armour
 i - a +0 plate armour (worn)
 l - a +0 kite shield (worn)
Jewellery
 n - a ring of see invisible (left hand)
Scrolls
 b - 2 scrolls of identify
 f - a scroll of enchant weapon
Potions
 d - 2 potions of might
 g - a potion of attraction
 h - 2 potions of mutation
 m - 2 potions of magic


   Skills:
 + Level 4.2 Fighting
 + Level 4.6 Axes
 + Level 4.2 Armour
 + Level 0.3 Dodging
 + Level 4.3 Shields


You had 5 spell levels left.
You didn't know any spells.
Your spell library was empty.

Dungeon Overview and Level Annotations

Branches:
Dungeon (3/15)

Altars:
Uskayaw


Innate Abilities, Weirdness & Mutations

You are immune to sickness and miasma.
Your stone body is resilient. (AC +4)
You are immune to poison.
You resist negative energy. (rN+)
You are resistant to electric shocks. (rElec)
You are resistant to unholy torment.
You are immune to petrification.


Message History

The puff of flame hits you but does no damage.
It was a potion of degeneration.
There was something very wrong with that liquid.
You feel weakened.
You feel dopey.
You feel clumsy.
You feel less confused.
A gnoll comes into view. It is wielding a +0 halberd.
The orc priest invokes the aid of Beogh against you.
Beogh smites you!
You hear a shout!
You feel very mighty all of a sudden.
The gnoll bouda barks out a call to the hunt!
The gnolls pick up the pace!
The orc hits you but does no damage. The gnoll hits you but does no damage.
It was a potion of heal wounds.
You feel much better. The orc hits you but does no damage.
The gnoll hits you but does no damage.
A gnoll comes into view. It is wielding a +0 spear.
The gnoll hits you but does no damage.
An orc priest comes into view. It is wielding a +0 whip.
An orc priest comes into view. It is wielding a +0 mace.
You block the gnoll's attack. The gnoll barely misses you.
The gnoll hits you but does no damage. The orc priest hits you with a +0 whip.
The gnoll hits you but does no damage.
You closely miss the orc priest. You closely miss the gnoll.
You slash the gnoll! You barely miss the gnoll bouda.
The gnoll hits you from afar with a +0 halberd!
The gnoll hits you but does no damage. The orc priest hits you with a +0 whip.
The gnoll bouda barely misses you. The gnoll hits you but does no damage.
The orc priest calls down the wrath of Beogh upon you.
Beogh smites you!
* * * LOW HITPOINT WARNING * * *
The gnoll barely misses you. x2
Okay, then.
Okay, then.
As you read the scroll labelled KYCLOM YSIEB, it crumbles to dust.
You feel aware of your surroundings.
You sensed 2 shops/portals.
It was a scroll of magic mapping.
You block the gnoll's attack. The orc priest hits you with a +0 whip.
* * * LOW HITPOINT WARNING * * *
The gnoll hits you with a +0 halberd!
You die...

*,,,,,, ####* *,,,,,, #...*
*,,,,,, ####...### ***,,,,,,
#........# ***,,,,,,,,
#........# *,,,,,,,,,,
#........######.,,,,,,,>,
#......go.......,,,,**,,,
******##....og@.......,,,,**,,,
*,,,,* #.....go.......,,,,**,,,
*,,,,**#......g.g.....,,,,**,,,
*,,,,,........o..##...,,****,,,
*,,,,,........o..#*...,,,,*****
*,,,,,...#........,,..,,,,*
*,,,,*,............**,,,,,*
*****,,,...........#*,,,,,* ***
*****,,,,,,,,,,,,,,,,,,,,,* *,,


You could see a gnoll bouda, 3 orc priests, an orc wizard, 4 gnolls and an orc.

Vanquished Creatures
  4 orc priests
  3 orc wizards (D:3)
  4 gnolls (D:2)
  3 adders
  11 orcs
  4 ball pythons
  3 bats
  8 endoplasms
  6 giant cockroaches
  6 goblins
  7 hobgoblins
  6 jackals
  3 quokkas
  4 frilled lizards
  6 kobolds
  5 rats
83 creatures vanquished.

Notes
Turn   | Place    | Note
-------+----------+-------------------------------------------
     0 | D:1      | gareppa the Gargoyle Fighter began the quest for the Orb.
     0 | D:1      | Reached XP level 1. HP: 14/14 MP: 1/1
    83 | D:1      | Reached XP level 2. HP: 19/19 MP: 2/2
   211 | D:1      | Reached XP level 3. HP: 21/24 MP: 3/3
   840 | D:2      | Found a faded altar of an unknown god.
   843 | D:2      | Reached XP level 4. HP: 29/29 MP: 4/4
  1579 | D:3      | Reached XP level 5. HP: 33/33 MP: 5/5
  1936 | D:2      | Reached XP level 6. HP: 22/38 MP: 6/6
  2521 | D:3      | Found a hide-covered altar of Uskayaw.
  2578 | D:3      | You fall into a shaft and drop 2 floors!
  2578 | D:5      | Entered Level 5 of the Dungeon
  2591 | D:5      | Slain by a gnoll

Illustrated notes

Levels and vault maps discovered:
D:1:      lightli_arrival_maybe_door_vault, layout_basic, minmay_octomino_j4
D:2:      layout_basic, hellmonk_ecumenical_altar_prayer_group
D:3:      layout_loops_corners, mainiacjoe_overflow_alcove_3
D:5:      layout_basic, nicolae_wooded_promenade, uniq_edmund, uniq_menkaure

Skill      XL: |  1  2  3  4  5  6 |
---------------+-------------------+-----
Axes           | 2 3 4 |  4.6
Armour         | 4 |  4.2
Fighting       | 4 |  4.2
Shields        | 4 |  4.3
Dodging        | |  0.3

Action                     |  1- 3 |  4- 6 || total
---------------------------+-------+-------++-------
  Melee: War axe           |   118 |   165 ||   283
    Use: Scroll            |     4 |     4 ||     8
         Potion            |     1 |     4 ||     5
 Armour: Scale mail        |    49 |       ||    49
         Plate armour      |    21 |   121 ||   142
  Dodge: Dodged            |    78 |    35 ||   113
  Block: Buckler           |    32 |     6 ||    38
         Kite shield       |       |    54 ||    54
